AoeStats
← harooooo

Arabia

507747563Analyzed
1v1 RM · 14d ago on Sep 19, 2026· 19m 5s· 2 players
Game mode
Random Map
Map size
Tiny (2 player)
Population
200
Speed
Normal
Resources
Standard
Victory
Conquest
Starting age
Dark Age
Ending age
Imperial Age
RankedLock teamsTeams togetherTeam positionsShared explorationLock speedFull tech treeHidden civsTurbo modeCheats
Victory
Defeat
🇬🇧 Poles · United Kingdom
1843
+19
🇧🇦 Turks · Bosnia & Herzegovina
1911
-19
matt_993
5:38 Loom
8:44 Feudal Age
9:20 Double-Bit Axe
10:34 Horse Collar
18:56 Castle Age
17:21 Stone Mining
18:25 Forging
18:31 Bloodlines
19:03 Light Cavalry
harooooo
7:08 Loom
10:01 Feudal Age
14:32 Castle Age
Connection lost

Rejoining the realm…

Still unreachable

The connection could not be restored.

Session expired

The server has moved on; the page needs a fresh start.